Map: 2000 Atmospheres LE

Players

DisK - Winner!

  • Race: Protoss Protoss

Nina

  • Race: Protoss Protoss
  • League: Grandmaster

Event: DreamHack SC2 Masters 2021 Summer

VOD

Have the link to the VOD?

Description

Time

  • Played on: May 26, 2021, 5:47 p.m.
  • Length: 6:28

All games in this series

Show
View Real Time Build Order
Export as new Build Order

DisK Protoss - Winner!

Build Orders:  

Get SALT Encoding   

  12  0:00  Probe  
  13  0:12  Probe  
  14  0:17  Pylon  
  14  0:24  Probe  
  15  0:35  Gateway  
  15  0:36  Probe (Chrono Boost)  
  16  0:46  Probe (Chrono Boost), Assimilator  
  17  0:51  Probe (Chrono Boost)  
  17  0:54  Assimilator  
  18  1:03  Probe (Chrono Boost)  
  19  1:07  Gateway  
  20  1:12  Probe (Chrono Boost)  
  20  1:17  Probe (Chrono Boost)  
  20  1:24  Cybernetics Core  
  21  1:29  Probe  
  21  1:35  Pylon  
  21  1:41  Probe  
  22  1:56  Probe  
  22  2:00  Stalker x2, Warp Gate  
  27  2:08  Probe  
  27  2:13  Pylon  
  28  2:30  Stalker  
  28  2:31  Stalker  
  32  2:40  Robotics Facility  
  32  3:00  Stalker  
  32  3:01  Stalker  
  32  3:04  Gateway  
  36  3:09  Shield Battery  
  36  3:14  Shield Battery  
  36  3:25  Warp Prism (Chrono Boost)  
  36  3:32  Pylon  
  38  3:50  Stalker  
  38  3:51  Stalker  
  38  3:55  Observer  
  43  3:59  Stalker  
  45  4:14  Shield Battery  
  45  4:21  Stalker  
  47  4:29  Pylon  
  46  4:53  Stalker x3  
  46  5:23  Probe  
  46  5:27  Stalker x3  
  53  5:33  Pylon  
  53  5:35  Observer  
  49  5:55  Stalker x3  
  45  6:12  Stalker x2  
  49  6:18  Stalker  
Show
View Real Time Build Order
Export as new Build Order

Nina Protoss 

Build Orders: Oracle Opening 

Get SALT Encoding   

  12  0:00  Probe  
  13  0:12  Probe  
  14  0:17  Pylon  
  14  0:24  Probe (Chrono Boost)  
  15  0:36  Probe (Chrono Boost)  
  15  0:37  Gateway  
  16  0:45  Probe (Chrono Boost)  
  17  0:51  Probe  
  17  0:54  Assimilator  
  18  1:03  Probe (Chrono Boost)  
  19  1:04  Assimilator  
  19  1:11  Gateway  
  20  1:12  Probe (Chrono Boost)  
  20  1:17  Probe (Chrono Boost)  
  20  1:25  Cybernetics Core  
  21  1:30  Probe  
  22  1:36  Pylon  
  22  1:42  Probe  
  23  1:54  Probe  
  23  2:01  Stargate  
  24  2:06  Probe  
  25  2:09  Adept x2  
  29  2:18  Probe, Warp Gate  
  29  2:21  Pylon  
  30  2:30  Probe  
  31  2:43  Stalker (Chrono Boost)  
  34  2:53  Shield Battery, Stalker (Chrono Boost)  
  34  3:04  Oracle  
  34  3:05  Pylon  
  37  3:15  Probe  
  38  3:28  Nexus  
  38  3:40  Probe  
  38  3:41  Oracle  
  42  3:53  Probe  
  43  4:03  Pylon  
  43  4:06  Stalker  
  46  4:14  Stalker  
  47  4:17  Pylon  
  47  4:31  Pylon  
  47  4:35  Robotics Facility  
  47  4:37  Stalker x2  
  51  4:42  Shield Battery  
  49  4:53  Void Ray  
  38  5:24  Immortal (Chrono Boost)  
  33  5:55  Probe  
  26  6:11  Probe  
  26  6:14  Shield Battery  
Tags
 
Add a new tag
Caveats
  • Supply blocks, unpowered buildings, or Contaminate may cause inaccurate times.
  • Supply counts are checked every 10 seconds.